Map: Submarine LE

Players

liquidthermy (uThermal)

  • Race: Terran Terran
  • Spawn Location: 11:00

LiquidClem (Clem) - Winner!

  • Race: Terran Terran
  • League: Master
  • Spawn Location: 5:00

Event: DreamHack SC2 Masters 2020 Summer Europe

VOD

Have the link to the VOD?

Description

Time

  • Played on: July 10, 2020, 12:57 p.m.
  • Length: 9:44

All games in this series

Show
View Real Time Build Order
Export as new Build Order

liquidthermy Terran 

Build Orders: 1/1/1, Liberator Opening 

Get SALT Encoding   

  12  0:01  SCV  
  13  0:13  SCV  
  14  0:17  Supply Depot  
  14  0:25  SCV  
  14  0:27  Refinery  
  15  0:38  SCV  
  16  0:44  Barracks  
  16  0:51  SCV  
  16  0:54  Refinery  
  17  1:03  SCV  
  18  1:15  SCV  
  19  1:31  Reaper, Orbital Command  
  20  1:34  Factory  
  20  1:43  Supply Depot  
  20  1:56  SCV  
  21  2:03  Barracks Reactor  
  21  2:08  SCV  
  22  2:18  Hellion  
  22  2:19  Starport  
  22  2:21  SCV  
  25  2:27  Supply Depot  
  25  2:33  SCV  
  26  2:39  Hellion  
  26  2:40  Reaper  
  26  2:41  Reaper  
  30  2:55  Liberator  
  33  2:59  Supply Depot  
  33  3:00  Hellion  
  35  3:13  Reaper x2  
  37  3:22  Hellion  
  39  3:33  Command Center  
  39  3:39  Starport Tech Lab  
  39  3:41  Supply Depot  
  39  3:44  Factory Tech Lab  
  39  3:46  Marine  
  40  3:48  Marine  
  40  3:50  SCV  
  41  4:03  SCV  
  41  4:08  Marine  
  43  4:14  Raven, Marine  
  43  4:15  SCV  
  47  4:17  Siege Tank  
  46  4:26  Marine  
  46  4:28  SCV  
  48  4:32  Marine  
  49  4:40  SCV  
  49  4:44  Marine  
  43  4:49  Marine  
  43  4:51  Siege Tank  
  47  4:53  SCV  
  48  5:02  Refinery, Marine  
  48  5:05  SCV  
  46  5:07  Marine  
  44  5:20  Marine  
  44  5:21  Orbital Command  
  42  5:23  Siege Tank  
  42  5:24  SCV  
  43  5:29  Marine  
  43  5:34  Raven  
  46  5:36  SCV  
  46  5:38  Marine  
  48  5:47  SCV, Marine  
  48  5:48  SCV  
  51  5:55  Siege Tank  
  51  5:56  Marine  
  55  5:59  SCV  
  56  6:05  Marine  
  56  6:06  SCV  
  58  6:11  Command Center  
  58  6:12  SCV  
  58  6:17  Raven, Marine  
  62  6:20  SCV  
  62  6:24  SCV, Supply Depot, Marine  
  65  6:32  SCV, Siege Tank  
  68  6:34  Refinery  
  68  6:35  Marine  
  70  6:40  Supply Depot  
  70  6:45  Marine  
  70  6:46  SCV  
  72  6:50  SCV, Engineering Bay x2  
  73  6:58  SCV  
  74  7:02  SCV  
  74  7:04  Siege Tank  
  78  7:10  SCV  
  78  7:13  Viking  
  78  7:15  SCV  
  84  7:18  Stimpack, Marine  
  84  7:22  Viking, SCV  
  85  7:24  Orbital Command  
  85  7:27  SCV  
  85  7:36  SCV, Marine, Siege Tank  
  90  7:39  SCV  
  91  7:48  SCV  
  91  7:51  SCV  
  78  7:52  Viking  
  78  7:53  Marine  
  60  8:02  SCV x2  
  60  8:08  Siege Tank  
  60  8:11  Marine  
  63  8:13  Orbital Command  
  63  8:14  SCV x2  
  65  8:20  Barracks x2  
  65  8:23  Starport Reactor  
  65  8:26  SCV x2  
  67  8:29  Marine  
  68  8:38  SCV x3  
  68  8:40  Siege Tank  
  74  8:48  Marine  
  74  8:50  SCV x2  
  77  8:55  SCV  
  77  8:57  Barracks  
  77  8:58  Barracks  
  78  9:06  Marine  
  78  9:09  Barracks Reactor x2  
  79  9:10  SCV  
  79  9:13  SCV  
  79  9:15  SCV  
  82  9:22  SCV  
  82  9:24  Supply Depot, Marine  
  85  9:25  SCV  
  85  9:28  SCV  
  89  9:39  Supply Depot  
Show
View Real Time Build Order
Export as new Build Order

LiquidClem Terran - Winner!

Build Orders:  

Get SALT Encoding   

  12  0:00  SCV  
  13  0:12  SCV  
  14  0:17  Supply Depot  
  14  0:24  SCV  
  15  0:29  Refinery  
  15  0:38  SCV  
  16  0:44  Barracks  
  16  0:50  SCV  
  16  0:56  Refinery  
  17  1:02  SCV  
  18  1:15  SCV  
  19  1:31  Reaper  
  19  1:32  Orbital Command  
  20  1:34  Factory  
  20  1:44  Supply Depot  
  20  1:58  SCV  
  21  2:04  Reaper  
  22  2:10  SCV  
  23  2:18  Hellion  
  25  2:26  Command Center  
  26  2:30  SCV  
  26  2:39  Starport  
  26  2:40  Reaper  
  27  2:45  Hellion  
  27  2:50  Supply Depot  
  29  2:57  Bunker  
  29  2:59  SCV  
  30  3:12  SCV, Hellion  
  33  3:13  Marine  
  33  3:19  Viking  
  36  3:24  SCV  
  37  3:31  Barracks Tech Lab  
  37  3:33  Hellion  
  39  3:38  Refinery  
  39  3:41  Orbital Command  
  39  3:44  SCV  
  40  3:55  Starport Tech Lab  
  40  3:57  SCV  
  40  4:01  Cyclone, Marine  
  45  4:08  SCV  
  45  4:09  SCV  
  45  4:14  Raven  
  46  4:19  Marine  
  46  4:20  SCV  
  46  4:21  SCV  
  48  4:25  Supply Depot  
  48  4:33  SCV  
  48  4:37  Marine  
  50  4:40  Siege Tank  
  50  4:43  SCV  
  54  4:47  SCV  
  54  4:55  SCV  
  54  4:56  Barracks Reactor  
  54  4:59  SCV  
  56  5:01  Supply Depot  
  54  5:10  Raven  
  56  5:15  SCV  
  53  5:23  SCV, Siege Tank  
  55  5:32  Marine  
  55  5:33  SCV  
  55  5:34  Marine  
  56  5:35  SCV  
  56  5:38  Command Center  
  56  5:45  SCV  
  56  5:47  SCV  
  56  5:48  Barracks x2  
  58  5:55  Siege Tank  
  61  5:57  SCV  
  61  5:59  SCV, Supply Depot  
  63  6:05  Viking  
  63  6:08  Viking  
  67  6:11  SCV  
  67  6:13  SCV  
  67  6:17  Stimpack  
  69  6:18  Marine  
  69  6:23  SCV  
  72  6:25  SCV  
  72  6:27  Siege Tank  
  72  6:31  Supply Depot  
  75  6:35  Refinery  
  75  6:36  SCV  
  75  6:38  Barracks Reactor  
  76  6:40  Viking  
  78  6:49  SCV, Marine x2  
  78  6:50  Viking, SCV  
  84  6:58  Engineering Bay x2  
  84  7:01  SCV, Supply Depot  
  84  7:03  SCV  
  84  7:07  Siege Tank  
  89  7:11  Supply Depot  
  89  7:12  Viking  
  91  7:16  Orbital Command  
  91  7:17  SCV  
  91  7:19  SCV  
  93  7:23  Viking  
  93  7:26  Marine  
  97  7:30  SCV  
  97  7:31  Barracks Reactor, Supply Depot  
  97  7:32  Marine  
  97  7:34  Marine  
  97  7:35  SCV  
  100  7:44  Marine  
  100  7:50  Viking  
  98  7:51  Siege Tank  
  98  7:52  Marine  
  98  7:53  SCV  
  98  7:54  SCV  
  98  7:55  SCV, Marine  
  83  8:00  Viking  
  83  8:01  Marine  
  83  8:04  Combat Shield  
  83  8:05  SCV  
  84  8:07  Marine  
  84  8:10  Marine x2  
  87  8:20  Barracks x2  
  87  8:21  Sensor Tower  
  87  8:24  SCV x2  
  89  8:27  Siege Tank  
  89  8:28  Marine x2  
  89  8:30  Marine  
  95  8:34  Marine  
  95  8:35  Marine  
  95  8:39  Medivac  
  99  8:42  Refinery  
  99  8:43  SCV, Refinery  
  99  8:45  SCV  
  99  8:46  Marine  
  99  8:47  SCV, Marine  
  104  8:51  Supply Depot  
  104  8:52  Marine  
  104  8:55  SCV, Marine  
  105  8:56  Marine  
  105  8:57  SCV  
  105  9:00  SCV  
  105  9:01  Siege Tank  
  112  9:04  Marine x2  
  112  9:06  Medivac  
  112  9:07  Marine  
  112  9:08  Supply Depot  
  117  9:12  SCV, Marine x2  
  117  9:13  Marine  
  123  9:17  Marine  
  123  9:22  Marine x2  
  126  9:25  Marine  
  126  9:27  Supply Depot  
  129  9:31  SCV  
  129  9:38  Command Center  
Tags
 
Add a new tag
Caveats
  • Supply blocks, unpowered buildings, or Contaminate may cause inaccurate times.
  • Supply counts are checked every 10 seconds.